 Dungeon Crawl Stone Soup version 0.22-a0-447-gee5f7238b3 (webtiles) character file.

15402 Ordine the Slicer (level 12, -1/67 HPs)
             Began as a Deep Elf Wizard on June 3, 2018.
             Was an Elder of Vehumet.
             Slain by a black mamba (7 damage)
             ... on level 2 of the Lair of Beasts.
             The game lasted 01:08:10 (17617 turns).

Ordine the Slicer (Deep Elf Wizard)                Turns: 17617, Time: 01:08:11

Health: -1/67      AC: 12    Str:  4    XL:     12   Next: 0%
Magic:  21/24      EV: 17    Int: 29    God:    Vehumet [****..]
Gold:   576        SH:  3    Dex: 13    Spells: 10/25 levels left

rFire    . . .     SeeInvis .   a - +3 dagger (venom)
rCold    + . .     Gourm    .   (no shield)
rNeg     . . .     Faith    .   w - +2 robe {rC+}
rPois    .         Spirit   .   e - +2 helmet
rElec    .         Reflect  +   z - +0 cloak
rCorr    .         Harm     .   q - +2 pair of gloves
MR       +....                  f - +0 pair of boots
Stlth    ++........             i - +3 amulet of reflection
HPRegen  0.21/turn              (no ring)
MPRegen  0.19/turn              (no ring)

@: lethally poisoned (-1 -> -8), about to teleport
A: no striking features
a: Renounce Religion


You were on level 2 of the Lair of Beasts.
You worshipped Vehumet.
Vehumet was greatly pleased with you.
You were not hungry.

You visited 3 branches of the dungeon, and saw 12 of its levels.

You collected 666 gold pieces.
You spent 90 gold pieces at shops.

Inventory:

Hand Weapons
 a - a +3 dagger of venom (weapon)
 b - the +4 mace of Hepliaklqana's Scorn {freeze, rC+ rN+ SInv}
   (You found it on level 7 of the Dungeon)

   It has been specially enchanted to freeze those struck by it, causing extra
   injury to most foes and up to half again as much damage against particularly
   susceptible opponents.
   It can also slow down cold-blooded creatures.
   It protects you from cold.
   It protects you from negative energy.
   It lets you see invisible.
 g - a +4 dagger
 x - a +3 dagger of distortion
Armour
 e - a +2 helmet (worn)
 f - a +0 pair of boots (worn)
 q - a +2 pair of gloves (worn)
 w - a +2 robe of cold resistance (worn)
 z - a +0 cloak (worn)
Jewellery
 i - a +3 amulet of reflection (around neck)
 l - an uncursed ring of ice
Wands
 j - a wand of paralysis (9)
 s - a wand of flame (14)
 t - a wand of iceblast (16)
Scrolls
 c - 4 scrolls of remove curse
 k - a scroll of blinking
 o - 2 scrolls of teleportation
 v - 2 scrolls of immolation
Potions
 h - a potion of lignification
 n - a potion of flight
 p - a potion of berserk rage
 r - a potion of resistance
Comestibles
 d - 27 rations


   Skills:
 + Level 4.4 Fighting
 * Level 9.8 Short Blades
 + Level 8.2 Dodging
 - Level 3.0 Stealth
 + Level 7.2 Spellcasting
 + Level 8.1 Conjurations
 - Level 6.0 Summonings
 - Level 3.0 Translocations
 + Level 7.3 Fire Magic
 + Level 7.1 Air Magic
 - Level 3.0 Poison Magic


You had 10 spell levels left.
You knew the following spells:

 Your Spells              Type           Power        Failure   Level  Hunger
a - Magic Dart            Conj           ####         1%          1    None
b - Blink                 Tloc           N/A          2%          2    None
c - Call Imp              Summ           #####...     1%          2    None
d - Conjure Flame         Conj/Fire      ######..     1%          3    None
e - Mephitic Cloud        Conj/Pois/Air  #####...     1%          3    None
f - Sticky Flame          Conj/Fire      ######..     1%          4    ##.....

Your spell library contained the following spells:

 Spells                   Type           Power        Failure   Level  Hunger
 Slow                     Hex            ##......     8%          2    None


Dungeon Overview and Level Annotations

Branches:
Dungeon (9/15)             Temple (1/1) D:4            Lair (2/6) D:8
  Swamp: Lair:2-4    Shoals: Lair:2-4     Snake: Lair:2-4    Spider: Lair:2-4
    Orc: D:9-12

Altars:
Ashenzari
Cheibriados
Dithmenos
Elyvilon
Fedhas
Gozag
Hepliaklqana
Kikubaaqudgha
Makhleb
Nemelex Xobeh
Okawaru
Qazlal
Ru
Sif Muna
Trog
Uskayaw
Vehumet
Wu Jian
Xom
Yredelemnul
Zin
The Shining One


Message History

* * * LOW HITPOINT WARNING * * *
You hit the black mamba.
The black mamba is heavily wounded.
The black mamba barely misses you.
You hit the black mamba.
The black mamba is poisoned.
The black mamba is heavily wounded.
The black mamba burns!
The black mamba misses you.
You hit the black mamba but do no damage.
The black mamba looks as sick as possible!
The black mamba is severely wounded.
The black mamba bites you!
* * * LOW HITPOINT WARNING * * *
You are lethally poisoned!
The black mamba poisons you!
Unknown command.
Okay, then.
* * * LOW HITPOINT WARNING * * *
You feel sick.
The black mamba burns!
The black mamba closely misses you. The black mamba bites you!
You die...

###...............
##P......<.........
##PP................
#P..................
##........#..#.......
#####..........###.....P#
#.......<......# #.P....
...............###......#
......#.#..#.###@#......#
.....####...## ##S...#
.....# #..## ##.S.#.#
.....####..# #....#
#.......# ##...##
######..##+## ##...#
#..#...## #....#
##.'.8..# #....# .
####...# ##..#.....


You could see a black mamba (burning) and a water moccasin.

Vanquished Creatures
  Fannar (Lair:1)
  A hydra (D:8)
  A two-headed ogre (D:8)
  3 death yaks
  2 black mambas (Lair:1)
  Psyche (D:8)
  2 komodo dragons (Lair:1)
  3 trolls (D:8)
  2 dream sheep (D:8)
  A hippogriff (Lair:1)
  A wraith (D:8)
  25 yaks
  A water moccasin (Lair:2)
  4 ice beasts
  A porcupine (D:8)
  A black bear (D:8)
  A sky beast (D:6)
  A phantom (D:8)
  2 ogres
  6 wolves (Lair:1)
  5 crocodiles
  5 centaurs
  6 big kobolds
  Blork the orc (D:4)
  9 bullfrogs
  Dowan (D:6)
  A water moccasin zombie (D:9)
  2 scorpions
  2 howler monkeys
  8 wights
  8 electric eels
  4 crimson imps
  2 quasits
  4 jellies
  2 hounds
  2 bullfrog skeletons
  7 hell rats
  6 orc wizards
  7 worker ants
  2 hound zombies
  Robin (D:1)
  3 gnolls (D:3)
  A howler monkey skeleton (D:8)
  14 adders
  4 river rats (Lair:1)
  5 shadow imps
  An ooze (D:2)
  2 adder skeletons
  2 worms (D:2)
  A dart slug (D:4)
  8 leopard geckos
  27 orcs
  2 giant cockroaches (D:4)
  5 hobgoblins
  12 jackals
  2 quokkas
  A ball python (D:3)
  3 bats
  2 frilled lizards
  15 goblins
  A jackal skeleton (D:8)
  20 kobolds
  3 quokka skeletons
  19 rats
  A fungus (Lair:1)
299 creatures vanquished.

Vanquished Creatures (collateral kills)
  The ghost of Ordine the Firebug, a novice DEFE (D:4)
  The ghost of stburah the Shield-Bearer, an amateur FoFi (D:5)
  Duvessa (D:6)
3 creatures vanquished.

Vanquished Creatures (others)
  2 plants (D:8)
2 creatures vanquished.

Grand Total: 304 creatures vanquished

Notes
Turn   | Place    | Note
-------+----------+-------------------------------------------
     0 | D:1      | Ordine the Deep Elf Wizard began the quest for the Orb.
     0 | D:1      | Reached XP level 1. HP: 10/10 MP: 7/7
   358 | D:1      | Reached XP level 2. HP: 15/15 MP: 7/9
   368 | D:1      | Learned a level 2 spell: Blink
   371 | D:1      | Learned a level 2 spell: Call Imp
   987 | D:2      | Reached XP level 3. HP: 19/19 MP: 7/11
  1160 | D:2      | Noticed Robin
  1201 | D:1      | Learned a level 3 spell: Conjure Flame
  1205 | D:1      | Learned a level 3 spell: Mephitic Cloud
  1292 | D:1      | Killed Robin
  1414 | D:2      | Reached skill level 5 in Spellcasting
  1653 | D:2      | Reached XP level 4. HP: 24/24 MP: 0/13
  2282 | D:3      | Found a bloodstained altar of Trog.
  2377 | D:3      | Reached skill level 1 in Air Magic
  2450 | D:3      | Reached skill level 1 in Fire Magic
  2797 | D:3      | Reached XP level 5. HP: 28/28 MP: 10/14
  3502 | D:4      | Noticed an ogre
  3517 | D:4      | Killed an ogre
  3685 | D:4      | Reached XP level 6. HP: 32/32 MP: 12/16
  3777 | D:4      | Noticed Blork the orc
  3791 | D:4      | Killed Blork the orc
  4039 | D:4      | Found an opulent altar of Gozag.
  4146 | D:4      | Noticed Ordine's ghost (novice DEFE)
  4197 | D:4      | Killed Ordine's ghost
  4197 | D:4      | Reached skill level 1 in Poison Magic
  4197 | D:4      | Reached XP level 7. HP: 33/36 MP: 11/18
  4641 | D:4      | Found a staircase to the Ecumenical Temple.
  4650 | Temple   | Entered the Ecumenical Temple
  4728 | Temple   | Became a worshipper of Vehumet
  5033 | D:5      | Entered Level 5 of the Dungeon
  5198 | D:5      | Reached skill level 1 in Short Blades
  5306 | D:5      | Noticed stburah's ghost (amateur FoFi)
  5341 | D:5      | Killed stburah's ghost
  5614 | D:5      | Reached XP level 8. HP: 41/41 MP: 5/19
  6157 | D:6      | Reached skill level 2 in Short Blades
  6475 | D:6      | Noticed Dowan
  6476 | D:6      | Noticed Duvessa
  6536 | D:6      | Killed Duvessa
  6536 | D:6      | Reached skill level 5 in Conjurations
  7040 | D:6      | Killed Dowan
  7204 | D:6      | Reached skill level 3 in Short Blades
  7515 | D:6      | Reached * piety under Vehumet
  7515 | D:6      | Offered knowledge of Shock by Vehumet.
  7649 | D:7      | Got a twisted mace
  7662 | D:7      | Found a white marble altar of Elyvilon.
  7820 | D:7      | Identified the +4 mace of Hepliaklqana's Scorn {freeze, rC+ rN+ SInv} (You found it on level 7 of the Dungeon)
  7863 | D:7      | Found a hazy altar of Hepliaklqana.
  7911 | D:7      | Found an ancient bone altar of Kikubaaqudgha.
  7911 | D:7      | Found a shimmering altar of Xom.
  7911 | D:7      | Found an ornate altar of the Wu Jian Council.
  7912 | D:7      | Found a stormy altar of Qazlal.
  7944 | D:7      | Reached skill level 5 in Summonings
  7944 | D:7      | Reached XP level 9. HP: 45/45 MP: 6/20
  8210 | D:7      | Found Zin's Purification Station.
  8211 | D:7      | Found a glowing silver altar of Zin.
  8219 | D:7      | Bought a potion of curing for 90 gold pieces
  8606 | D:8      | Noticed Psyche
  8624 | D:8      | Killed Psyche
  8624 | D:8      | Reached skill level 4 in Short Blades
  8624 | D:8      | Reached skill level 5 in Fire Magic
  8667 | D:8      | Noticed a death yak
  8778 | D:8      | Offered knowledge of Flame Tongue by Vehumet.
  8958 | D:8      | Reached ** piety under Vehumet
  9077 | D:8      | Paralysed by an orc wizard for 3 turns
  9078 | D:8      | Noticed a death yak
  9252 | D:7      | Killed a death yak
  9252 | D:7      | Reached skill level 5 in Short Blades
  9252 | D:7      | Reached skill level 5 in Air Magic
  9499 | D:8      | Found a staircase to the Lair.
  9502 | D:8      | Noticed a death yak
  9957 | D:7      | Killed a death yak
  9957 | D:7      | Reached skill level 1 in Fighting
  9957 | D:7      | Reached skill level 6 in Short Blades
  9957 | D:7      | Reached skill level 5 in Dodging
  9957 | D:7      | Reached XP level 10. HP: 32/52 MP: 3/21
 10113 | D:8      | Killed a death yak
 10306 | D:8      | Reached skill level 7 in Short Blades
 10851 | D:8      | Offered knowledge of Stone Arrow by Vehumet.
 11246 | D:8      | Noticed a three-headed hydra
 11258 | D:8      | Killed a three-headed hydra
 11258 | D:8      | Reached skill level 8 in Short Blades
 11702 | D:8      | Reached *** piety under Vehumet
 12385 | D:8      | Reached XP level 11. HP: 49/60 MP: 18/22
 12623 | D:9      | Noticed a two-headed ogre
 12633 | D:8      | Killed a two-headed ogre
 13314 | D:9      | Noticed a cyan ugly thing
 13486 | D:8      | Offered knowledge of Sticky Flame by Vehumet.
 13538 | D:8      | Learned a level 4 spell: Sticky Flame
 14191 | Lair:1   | Entered Level 1 of the Lair of Beasts
 14301 | Lair:1   | Reached skill level 9 in Short Blades
 15131 | Lair:1   | Noticed Fannar
 15143 | Lair:1   | Killed Fannar
 16233 | Lair:2   | Noticed a four-headed hydra
 16882 | Lair:1   | Reached **** piety under Vehumet
 17295 | Lair:1   | Reached XP level 12. HP: 67/67 MP: 20/24
 17617 | Lair:2   | Slain by a black mamba

Vault maps used:
D:1:      minmay_arrival_four_circles
D:2:      cheibrodos_helix_gallery, first_ration, uniq_robin
D:3:      trog_three_pillars_becter
D:4:      nicolae_gozag_seed_capital, minmay_temple_entry_metal_lava,
          uniq_blork_the_orc
D:6:      uniq_duvessa
D:7:      elyvilon_altar_5, grunt_temple_overflow_open, zin_purify
D:8:      minmay_opposing_rooms, dpeg_lair_monsters, hangedman_ranch,
          hangedman_decor_push, serial_bayou_lake_a, uniq_psyche
Temple:   zaba_magenta_temple
Lair:1:   kennysheep_abandoned_house, serial_bayou_shore_a,
          infiniplex_staircase_pool_2, grunt_megastairs_3, uniq_fannar
Lair:2:   dummy_snake_entry, special_room, minmay_lair_oklob_chamber,
          infiniplex_staircase_pool, grunt_megastairs_4, uniq_nergalle

Skill      XL: |  1  2  3  4  5  6  7  8  9 10 11 |
---------------+----------------------------------+-----
Dodging        | 3 5 6 8 |  8.2
Stealth        | 3 |  3.0
Conjurations   | 2 3 4 5 6 7 8 |  8.1
Spellcasting   | 5 6 7 |  7.2
Air Magic      | 1 2 3 4 5 6 7 |  7.1
Fire Magic     | 1 2 3 4 6 7 |  7.3
Summonings     | 2 3 5 6 |  6.0
Translocations | 2 3 |  3.0
Poison Magic   | 1 2 3 |  3.0
Short Blades   | 1 3 6 8 9 |  9.8
Fighting       | 1 3 4 |  4.4

Action                   |  1- 3 |  4- 6 |  7- 9 | 10-12 || total
-------------------------+-------+-------+-------+-------++-------
Melee: Dagger            |    25 |    11 |    49 |   149 ||   234
       Trident           |       |       |     6 |       ||     6
 Cast: Magic Dart        |   102 |   130 |   420 |   444 ||  1096
       Blink             |     5 |       |    17 |    20 ||    42
       Conjure Flame     |     1 |     6 |    17 |    31 ||    55
       Mephitic Cloud    |     1 |    10 |    14 |    40 ||    65
       Call Imp          |     1 |     5 |    16 |     3 ||    25
       Sticky Flame      |       |       |       |    23 ||    23
  Use: Scroll            |     7 |     2 |     8 |     5 ||    22
       Potion            |       |       |     3 |     4 ||     7
 Stab: Confused          |       |     1 |     5 |     9 ||    15
  Eat: Chunk             |     2 |     8 |    12 |    13 ||    35
       Ration            |       |       |     2 |     3 ||     5
Armor: Robe              |    11 |     2 |    39 |    51 ||   103
Dodge: Dodged            |    19 |    13 |    67 |   189 ||   288
Block: Other             |     5 |     5 |    15 |    31 ||    56
       Reflection        |       |     1 |       |     5 ||     6

Table legend:
 A = Spawn XP
 B = Non-spawn XP
 C = Spawn XP percentage of total XP
 D = Spawn monster count
 E = Non-spawn monster count
 F = Spawn count percentage of total count
 G = Total turns spent on level
                    A         B        C        D         E        F      G
               +---------+---------+-------+---------+---------+-------+---------
         Total |       0 |   22004 |   0.0 |       0 |     301 |   0.0 | 17617
               +---------+---------+-------+---------+---------+-------+---------
           D:1 |       0 |      28 |   0.0 |       0 |      13 |   0.0 |   731
           D:2 |       0 |      77 |   0.0 |       0 |      30 |   0.0 |  1256
           D:3 |       0 |     154 |   0.0 |       0 |      30 |   0.0 |  1664
           D:4 |       0 |     715 |   0.0 |       0 |      20 |   0.0 |  1299
           D:5 |       0 |     551 |   0.0 |       0 |      12 |   0.0 |  1152
           D:6 |       0 |     875 |   0.0 |       0 |      24 |   0.0 |  1390
           D:7 |       0 |    2325 |   0.0 |       0 |      27 |   0.0 |  1800
           D:8 |       0 |    8983 |   0.0 |       0 |      85 |   0.0 |  4578
           D:9 |       0 |     498 |   0.0 |       0 |       7 |   0.0 |   238
        Lair:1 |       0 |    7557 |   0.0 |       0 |      51 |   0.0 |  3333
        Lair:2 |       0 |     241 |   0.0 |       0 |       2 |   0.0 |    93
               +---------+---------+-------+---------+---------+-------+---------
